 Dungeon Crawl Stone Soup version 0.29.1-12-g30fa7ad0bf (webtiles) character file.

Game seed: 16660257092477668563

1775 funkygono the Firebug (level 8, -7/54 HPs)
             Began as a Demonspawn Fire Elementalist on Jan 2, 2023.
             Was an Initiate of Vehumet.
             Mangled by an orc warrior
             ... wielding a +0 war axe
              (19 damage)
             ... on level 5 of the Dungeon.
             The game lasted 00:10:09 (6383 turns).

funkygono the Firebug (DsFE)                        Turns: 6383, Time: 00:10:11

Health: -7/54      AC:  8    Str:  9    XL:     8   Next: 80%
Magic:  15/18      EV: 16    Int: 18    God:    Vehumet [......]
Gold:   282        SH:  0    Dex: 14    Spells: 10/20 levels left

rFire   + . .      SeeInvis .   l - +4 dagger
rCold   x . .      Faith    .   (no shield)
rNeg    . . .      Spirit   .   a - +0 robe
rPois   .          Reflect  .   (helmet restricted)
rElec   +          Harm     .   k - +1 cloak
rCorr   .          Rampage  .   (no gloves)
Will    .....                   (no boots)
Stlth   ++........              (no amulet)
HPRegen 0.18/turn               n - ring of fire
MPRegen 0.16/turn               u - +4 ring of evasion

@: marked
A: horns 1, thin metallic scales 3, demonic guardian 1
a: Renounce Religion


You were on level 5 of the Dungeon.
You worshipped Vehumet.
Vehumet was noncommittal.
You visited 2 branches of the dungeon, and saw 7 of its levels.

You collected 282 gold pieces.

Inventory:

Hand Weapons
 f - a +0 long sword
 l - a +4 dagger (weapon)
 p - a +3 quarterstaff of chaos
Armour
 a - a +0 robe (worn)
 e - a +0 ring mail
 k - a +1 cloak (worn)
 s - a +0 leather armour
Jewellery
 i - a ring of positive energy
 j - an amulet of faith
 n - a ring of fire (left hand)
 u - a +4 ring of evasion (right hand)
Wands
 r - a wand of flame (28)
 w - a wand of roots (12)
Scrolls
 c - a scroll of vulnerability {unknown}
 v - a scroll of magic mapping
Potions
 d - 4 potions of lignification
 g - a potion of attraction {unknown}
 h - a potion of brilliance {unknown}
 m - 2 potions of curing
 o - 3 potions of invisibility
 q - 2 potions of heal wounds
 t - a potion of ambrosia {unknown}


   Skills:
 + Level 1.2 Fighting
 + Level 0.2 Short Blades
 + Level 2.8 Dodging
 - Level 1.7 Stealth
 + Level 6.8 Spellcasting
 + Level 4.4 Conjurations
 + Level 7.0 Fire Magic


You had 10 spell levels left.
You knew the following spells:

 Your Spells              Type           Power      Damage    Failure   Level
a - Foxfire               Conj/Fire      100%       2x1d9     1%          1
b - Scorch                Fire           92%        2d9       1%          2
c - Conjure Flame         Conj/Fire      40%        6-21      3%          3
d - Flame Wave            Conj/Fire      40%        2d11      11%         4

Your spell library contained the following spells:

 Spells                   Type           Power      Damage    Failure   Level
 Inner Flame              Hex/Fire       28%        N/A       8%          3
 Summon Guardian Golem    Hex/Summ       6%         N/A       32%         3
 Orb of Destruction       Conj           11%        9d6       100%        7
 Spellforged Servitor     Conj/Summ      7%         N/A       100%        7


Dungeon Overview and Level Annotations

Branches:
Dungeon (6/15)             Temple (1/1) D:5

Altars:
Ashenzari
Cheibriados
Dithmenos
Fedhas
Gozag
Hepliaklqana
Kikubaaqudgha
Nemelex Xobeh
Qazlal
Ru
Sif Muna
Trog
Uskayaw
Vehumet
Wu Jian
Xom
Yredelemnul

Shops:
D:5 ?

Annotations:
D:4 3 runed translucent doors, Manslay's ghost, novice OpCj


Innate Abilities, Weirdness & Mutations

You have a pair of small horns on your head.
You are completely covered in thin metallic scales. (AC +4, rElec)
A weak demonic guardian rushes to your aid.


Message History

A water moccasin comes into view.
The orc warrior hits you with a +0 war axe!
The orc warrior hits your shadow imp with a +0 war axe.
Your shadow imp closely misses the orc warrior.
Casting: Foxfire (safe; 1% risk of failure)
Confirm with . or Enter, or press ? or * to list all spells.
You feel a surge of power!
You conjure some foxfire!
The orc warrior hits you with a +0 war axe!
The orc warrior closely misses your foxfire.
The orc warrior completely misses your shadow imp.
Your shadow imp barely misses the orc warrior.
Unknown command.
Casting: Foxfire (safe; 1% risk of failure)
Confirm with . or Enter, or press ? or * to list all spells.
You feel a surge of power!
Flames lash the orc wizard.
The orc wizard is moderately wounded.
The orc wizard's fire resistance burns away.
The foxfire hits the orc warrior but does no damage.
The orc warrior is heavily wounded.
The foxfire hits the orc warrior.
The orc warrior is severely wounded.
A shadow imp comes into view.
Your shadow imp barely misses the orc warrior.
The orc wizard casts a spell at you.
The magic dart hits you but does no damage.
Your shadow imp barely misses the orc.
An orc comes into view. It is wielding a +0 club.
The orc warrior attacks as you move away!
The orc warrior hits you with a +0 war axe!
* * * LOW HITPOINT WARNING * * *
There is an escape hatch in the ceiling here.
The orc wizard is no longer more vulnerable to fire.
Your shadow imp disappears in a puff of smoke!
The orc warrior closely misses you. A mysterious force pulls you upwards.
The hatch slams shut behind you.
Casting: Scorch (safe; 1% risk of failure)
Confirm with . or Enter, or press ? or * to list all spells.
You feel a surge of power!
You conjure some foxfire!
The orc warrior hits you with a +0 war axe!!
You die...

#..<...8.#
###....###.
#........## ####..#
#. #8...∩...8#
#.....###.
###.......#
#....^....
#8...>..#
#...#.....
###.....#
#...#..##. #8...8#
#...#...#. ##.#v##
######.#... #.@v#
#.......... #o###
#..........
#.#######..........
#..................
#########.........#
#..........
#..........
#..........
#.........#


You could see an orc warrior (ally target).

Vanquished Creatures
  Eustachio (D:5)
  A steam dragon (D:5)
  A water moccasin (D:6)
  2 black bears
  2 ogres
  A centaur (D:6)
  A phantom (D:4)
  3 scorpions
  2 necrophages
  5 killer bees (D:5)
  A howler monkey (D:6)
  Crazy Yiuf (D:3)
  Ijyb (D:4)
  An iguana (D:2)
  An orc wizard (D:4)
  4 adders
  9 gnolls (D:5)
  2 ufetubi (D:4)
  A worm (D:2)
  7 dart slugs
  8 orcs
  5 bats
  9 endoplasms
  2 giant cockroaches
  12 goblins
  6 hobgoblins
  2 quokkas
  8 ball pythons
  A frilled lizard (D:3)
  4 kobolds
  13 rats
117 creatures vanquished.

Vanquished Creatures (others)
  A gnoll (D:5)
  367 foxfires
  4 fungi (D:3)
372 creatures vanquished.

Grand Total: 489 creatures vanquished

Notes
Turn   | Place    | Note
-------+----------+-------------------------------------------
     0 | D:1      | funkygono the Demonspawn Fire Elementalist began the quest
                  | for the Orb.
     0 | D:1      | Reached XP level 1. HP: 13/13 MP: 3/3
   214 | D:1      | Reached skill level 3 in Fire Magic
   274 | D:1      | Gained mutation: You have a pair of small horns on your
                  | head. [demonic ancestry]
   274 | D:1      | Reached XP level 2. HP: 9/20 MP: 1/5
   550 | D:1      | Learned a level 2 spell: Scorch
  1320 | D:2      | Found a faded altar of an unknown god.
  1340 | D:2      | Reached XP level 3. HP: 25/25 MP: 3/6
  1555 | D:2      | Learned a level 3 spell: Conjure Flame
  1662 | D:2      | Reached skill level 4 in Fire Magic
  1662 | D:2      | Gained mutation: You are partially covered in thin metallic
                  | scales. (AC +2) [demonic ancestry]
  1662 | D:2      | Reached XP level 4. HP: 24/31 MP: 0/7
  3059 | D:3      | Reached XP level 5. HP: 36/36 MP: 7/9
  3280 | D:3      | Found a runed translucent door.
  3281 | D:3      | Noticed Crazy Yiuf
  3286 | D:3      | Killed Crazy Yiuf
  3457 | D:4      | Noticed an ogre
  3463 | D:4      | Killed an ogre
  3545 | D:4      | Found a runed translucent gate.
  3546 | D:4      | Found a runed translucent gate.
  3547 | D:4      | Found a runed translucent gate.
  3555 | D:4      | Noticed Ijyb
  3557 | D:4      | Noticed Manslay's ghost (novice OpCj)
  3559 | D:4      | Killed Ijyb
  3560 | D:4      | Gained mutation: You are mostly covered in thin metallic
                  | scales. (AC +3) [demonic ancestry]
  3560 | D:4      | Reached XP level 6. HP: 36/42 MP: 4/11
  4060 | D:4      | Reached skill level 5 in Fire Magic
  4072 | D:4      | Gained mutation: You are completely covered in thin
                  | metallic scales. (AC +4, rElec) [demonic ancestry]
  4072 | D:4      | Reached XP level 7. HP: 28/47 MP: 8/13
  4478 | D:4      | Learned a level 4 spell: Flame Wave
  4496 | D:5      | Entered Level 5 of the Dungeon
  4496 | D:5      | Found Itets's Magic Scroll Boutique.
  4576 | D:5      | Noticed a steam dragon
  4593 | D:5      | Noticed Eustachio
  4985 | D:5      | Killed a steam dragon
  4986 | D:5      | Reached skill level 1 in Fighting
  4986 | D:5      | Reached skill level 5 in Spellcasting
  5154 | D:5      | Identified the +1 helmet "Unisteav" {rC++}
  5381 | D:5      | Killed Eustachio
  5382 | D:5      | Gained mutation: A weak demonic guardian rushes to your
                  | aid. [demonic ancestry]
  5382 | D:5      | Reached XP level 8. HP: 54/54 MP: 5/16
  5477 | D:5      | Reached skill level 6 in Fire Magic
  5592 | D:5      | Found a staircase to the Ecumenical Temple.
  5704 | Temple   | Entered the Ecumenical Temple
  5883 | Temple   | Became a worshipper of Vehumet
  6104 | D:6      | Found a shadowy altar of Dithmenos.
  6373 | D:6      | Reached skill level 7 in Fire Magic
  6383 | D:5      | Mangled by an orc warrior

Illustrated notes

Levels and vault maps discovered:
D:1:      dpeg_arrival_ratfight, layout_loops_ring
D:2:      layout_loops_ring, chequers_ecumenical_altar_simple, st_stairs_11,
          dreamdust_mushroom_princess
D:3:      layout_rooms, minmay_misc_feat_encased, uniq_crazy_yiuf_cottage
D:4:      minmay_octagon_keep, layout_rooms, gammafunk_ghost_split, uniq_ijyb
D:5:      layout_rooms, minmay_temple_entry_poolview, serial_shops,
          nicolae_stop_n_shop_1, chequers_serial_rivers_micro_a, uniq_eustachio
D:6:      layout_loops_cross, mainiacjoe_overflow_surrounded_room,
          kennysheep_generic_room_6
Temple:   regret_index_temple_chain_breaker

Skill      XL: |  1  2  3  4  5  6  7  8 |
---------------+-------------------------+-----
Fire Magic     | 3 4 5 7 |  7.0
Conjurations   | 2 3 4 |  4.4
Dodging        | 2 |  2.8
Spellcasting   | 3 4 5 6 |  6.8
Fighting       | 1 |  1.2
Short Blades   | |  0.2
Stealth        | |  1.7

Action                   |  1- 3 |  4- 6 |  7- 9 || total
-------------------------+-------+-------+-------++-------
Melee: Dagger            |       |     7 |     1 ||     8
       Headbutt          |       |     2 |       ||     2
       Punch             |       |     1 |       ||     1
 Cast: Foxfire           |    56 |    76 |    83 ||   215
       Scorch            |     4 |    21 |    24 ||    49
  Use: Scroll            |       |    11 |     2 ||    13
       Potion            |       |     3 |     3 ||     6
Armor: Robe              |       |    14 |    14 ||    28
Dodge: Dodged            |     8 |    28 |    38 ||    74
